 Dungeon Sprint DCSS version 0.21.1-1-g345015f (webtiles) character file.

861 Fang the Cleaver (level 8, -4/60 HPs)
             Began as a Gargoyle Berserker on July 10, 2018.
             Was a High Priest of Trog.
             Hit by a large rock thrown by a cyclops (18 damage)
             ... in the Dungeon (Sprint VII: "The Pits").
             The game lasted 00:01:33 (672 turns).

Fang the Cleaver (Gargoyle Berserker)                Turns: 672, Time: 00:01:34

Health: -4/60      AC:  7    Str: 23    XL:     8   Next: 2%
Magic:  8/8        EV: 14    Int:  8    God:    Trog [*****.]
Gold:   0          SH:  0    Dex:  9    Spells: 7/7 levels left

rFire    . . .     SeeInvis .   o - +5 battleaxe (freeze)
rCold    . . .     Gourm    .   (shield currently unavailable)
rNeg     + . .     Faith    .   b - +0 animal skin
rPois    ∞         Spirit   .   (no helmet)
rElec    +         Reflect  .   (no cloak)
rCorr    .         Harm     .   (no gloves)
MR       .....     NoTele   +   (no boots)
Stlth    +.........             (no amulet)
HPRegen  0.20/turn              (no ring)
MPRegen  0.11/turn              (no ring)

@: no status effects
A: negative energy resistance 1, electricity resistance, unbreathing,
petrification resistance, rot immunity, AC +5
a: Berserk, Trog's Hand, Brothers in Arms, Burn Spellbooks, Renounce Religion


You were in the Dungeon.
You worshipped Trog.
Trog was extremely pleased with you.
You were not hungry.

You visited 1 branch

Inventory:

Hand Weapons
 j - a +2 hand axe
 m - a +1 hand axe of chopping
 o - a +5 battleaxe of freezing (weapon)
Missiles
 p - 4 steel tomahawks (quivered)
Armour
 b - a +0 animal skin (worn)
Scrolls
 i - a scroll of blinking
 k - 3 scrolls of remove curse
 l - a scroll of summoning
Potions
 a - 2 potions of invisibility
 d - 6 potions of curing
 e - 6 potions of heal wounds
 f - a potion of haste
 g - 4 potions of magic
 h - 3 potions of berserk rage
Comestibles
 c - 9 rations
 n - 10 chunks of flesh


   Skills:
 + Level 11.0 Fighting
 + Level 11.0 Axes
 + Level 4.2 Armour
 + Level 5.9 Dodging
 + Level 1.0 Stealth


You had 7 spell levels left.
You didn't know any spells.

Dungeon Overview and Level Annotations

Branches:
Dungeon (1/1)

Altars:
Cheibriados
Dithmenos
Elyvilon
Fedhas
Gozag
Hepliaklqana
Makhleb
Nemelex Xobeh
Okawaru
Qazlal
Ru
Sif Muna
Trog
Vehumet
Wu Jian
Xom
Yredelemnul
Zin
The Shining One
Beogh
Jiyva
Lugonu


Innate Abilities, Weirdness & Mutations

You are resistant to torment.
Your stone body is resilient. (AC +5)
You are immune to poison.
You resist negative energy. (rN+)
You are resistant to electric shocks. (rElec)
You can survive without breathing.
You are immune to petrification.
You are immune to rotting.


Message History

There is an open door, spattered with blood here.
You start resting.
HP restored.
You open the door.
A goblin, a cyclops and a freezing wraith come into view.
The goblin shouts!
The cyclops shouts!
The cyclops throws a large rock.
The large rock hits you!!!
Ouch! That really hurt!
* * * LOW HITPOINT WARNING * * *
Which direction?
You close the door.
A goblin opens the door.
There is an open door, spattered with blood here.
There is an open door here.
You see here 2 needles of confusion.
You slice the goblin!! You freeze the goblin.
You kill the goblin!
Trog accepts your kill.
The cyclops throws a large rock.
The large rock hits you!!
You die...

#.#........##.......#
#(###########.......#
#().....#..##########
#)).#...#.# ####
#...#...#÷#....#
#.##.##.#'#....#
#...#...#('C..W+
#...#...#'#..W.#
#......@).# ...#
########### ###


You could see a cyclops.

Vanquished Creatures
  A komodo dragon (D)
  A floating eye (D)
  2 ice beasts (D)
  An ogre (D)
  A centaur (D)
  An orc wizard (D)
  A jelly (D)
  An orc priest (D)
  An iguana (D)
  An adder (D)
  A gnoll (D)
  2 ufetubi (D)
  2 orcs (D)
  2 giant cockroaches (D)
  2 quokkas (D)
  2 goblins (D)
  A jackal zombie (D)
  A kobold (D)
  A leopard gecko skeleton (D)
25 creatures vanquished.

Notes
Turn   | Place    | Note
-------+----------+-------------------------------------------
     0 | D        | Fang the Gargoyle Berserker began the quest for the Orb.
     0 | D        | Reached XP level 1. HP: 14/14 MP: 1/1
    20 | D        | Found a bloodstained altar of Trog.
    20 | D        | Found a deep blue altar of Sif Muna.
    20 | D        | Found a viscous altar of Jiyva.
    20 | D        | Found a hazy altar of Hepliaklqana.
    20 | D        | Found an opulent altar of Gozag.
    21 | D        | Found a glowing golden altar of the Shining One.
    21 | D        | Found a glowing silver altar of Zin.
    21 | D        | Found a basalt altar of Yredelemnul.
    21 | D        | Found a shimmering altar of Xom.
    21 | D        | Found an ornate altar of the Wu Jian Council.
    21 | D        | Found a sacrificial altar of Ru.
    21 | D        | Found a stormy altar of Qazlal.
    21 | D        | Found an iron altar of Okawaru.
    21 | D        | Found a sparkling altar of Nemelex Xobeh.
    21 | D        | Found a burning altar of Makhleb.
    21 | D        | Found a blossoming altar of Fedhas.
    21 | D        | Found a white marble altar of Elyvilon.
    21 | D        | Found a shadowy altar of Dithmenos.
    21 | D        | Found a snail-covered altar of Cheibriados.
    23 | D        | Found a radiant altar of Vehumet.
    23 | D        | Found a corrupted altar of Lugonu.
    23 | D        | Found a roughly hewn altar of Beogh.
    69 | D        | Reached ** piety under Trog
   110 | D        | Reached XP level 2. HP: 17/20 MP: 2/2
   162 | D        | Noticed a centaur
   167 | D        | Reached *** piety under Trog
   169 | D        | Killed a centaur
   169 | D        | Reached skill level 5 in Axes
   169 | D        | Reached XP level 3. HP: 23/28 MP: 3/3
   169 | D        | Reached XP level 4. HP: 26/32 MP: 4/4
   350 | D        | Noticed an ice beast
   350 | D        | Noticed an ogre
   356 | D        | Reached **** piety under Trog
   360 | D        | Reached XP level 5. HP: 37/38 MP: 5/5
   361 | D        | Received a gift from Trog
   362 | D        | Killed an ogre
   362 | D        | Reached XP level 6. HP: 44/45 MP: 6/6
   363 | D        | Reached ***** piety under Trog
   364 | D        | Killed an ice beast
   483 | D        | Noticed an ice beast
   487 | D        | Killed an ice beast
   487 | D        | Received a gift from Trog
   487 | D        | Reached skill level 5 in Dodging
   487 | D        | Reached XP level 7. HP: 52/52 MP: 7/7
   492 | D        | Noticed a komodo dragon
   501 | D        | Killed a komodo dragon
   501 | D        | Reached skill level 10 in Fighting
   501 | D        | Reached skill level 10 in Axes
   501 | D        | Reached skill level 1 in Stealth
   506 | D        | Received a gift from Trog
   518 | D        | Reached XP level 8. HP: 29/60 MP: 8/8
   666 | D        | Noticed a cyclops
   666 | D        | Noticed a freezing wraith
   672 | D        | Hit by a large rock thrown by a cyclops

Skill      XL: |  1  2  3  4  5  6  7 |
---------------+----------------------+-----
Axes           | 3 5 6 8 9 11 | 11.0
Fighting       | 4 6 7 8 9 11 | 11.0
Dodging        | 3 4 5 |  5.9
Armour         | 3 4 |  4.2
Stealth        | 1 |  1.0

Action                   |  1- 3 |  4- 6 |  7- 9 || total
-------------------------+-------+-------+-------++-------
Melee: Hand axe          |    25 |    16 |    25 ||    66
       Battleaxe         |       |       |     1 ||     1
Invok: Berserk           |     1 |     1 |     1 ||     3
  Eat: Chunk             |       |     1 |     1 ||     2
Armor: Animal skin       |    16 |     6 |     3 ||    25
Dodge: Dodged            |    24 |    10 |    15 ||    49
